 Dungeon Crawl Stone Soup version 0.29.1-1-gd02db6906a (webtiles) character file.

Game seed: 17911005440138739253

2289 Godmorgon the Trooper (level 9, -1/67 HPs)
             Began as a Djinni Ice Elementalist on Oct 5, 2022.
             Was a Follower of Makhleb.
             Slain by a wight
             ... wielding a +3 halberd
              (10 damage)
             ... on level 7 of the Dungeon.
             The game lasted 00:34:13 (8826 turns).

Godmorgon the Trooper (Djinni Ice Elementalist)     Turns: 8826, Time: 00:34:13

Health: -1/67      AC:  5    Str: 11    XL:     9   Next: 66%
Gold:   312        EV: 13    Int: 25    God:    Makhleb [*.....] SH:  0 Dex: 14

rFire   + + +      SeeInvis .   a - +1 dagger (venom)
rCold   . . .      Faith    .   (no shield)
rNeg    . . .      Spirit   .   g - +2 robe {rC+ rF+}
rPois   ∞          Reflect  .   (no helmet)
rElec   .          Harm     .   k - +0 cloak
rCorr   .          Rampage  .   (no gloves)
Will    +....                   (boots unavailable)
Stlth   ++........              (no amulet)
HPRegen 0.21/turn               o - ring "Xuheb" {rF+ Str+4 Int+4}
MPRegen 0.00/turn               v - ring of willpower

@: flying
A: sickness immunity, fire resistance 2, cold vulnerability 1, float, innate
caster, HP casting, extra vitality 1
a: Renounce Religion


You were on level 7 of the Dungeon.
You worshipped Makhleb.
Makhleb was aware of your devotion.
You visited 2 branches of the dungeon, and saw 8 of its levels.

You collected 367 gold pieces.
You spent 55 gold pieces at shops.

Inventory:

Hand Weapons
 a - a +1 dagger of venom (weapon)
 b - a +2 dagger of holy wrath
 i - a +0 long sword
Missiles
 q - 16 poisoned darts
 u - 2 boomerangs
 F - 2 atropa-tipped darts
Armour
 g - a +2 robe of resistance (worn)
 k - a +0 cloak (worn)
Jewellery
 h - a ring of ice
 o - the ring "Xuheb" (left hand) {rF+ Str+4 Int+4}
   (You found it on level 2 of the Dungeon)

   [ring of protection from fire]

   Str:       It affects your strength (+4).
   Int:       It affects your intelligence (+4).
   rF:        It protects you from fire.
 v - a ring of willpower (right hand)
Wands
 B - a wand of flame (6)
 C - a wand of digging (5)
Scrolls
 e - a scroll of vulnerability
 j - a scroll of torment {unknown}
 s - 2 scrolls of teleportation
 y - a scroll of fear {unknown}
 A - a scroll of immolation
 E - a scroll of blinking {unknown}
Potions
 c - a potion of haste {unknown}
 d - 2 potions of heal wounds
 f - 2 potions of mutation
 l - 4 potions of lignification
 m - 5 potions of ambrosia
 r - 5 potions of curing
 t - 2 potions of flight {unknown}
 w - 3 potions of might
 x - a potion of magic {unknown}
 z - 2 potions of brilliance {unknown}
 D - a potion of resistance {unknown}


   Skills:
 * Level 6.9 Fighting
 + Level 3.4 Armour
 + Level 4.6 Dodging
 - Level 1.5 Stealth
 + Level 6.7 Spellcasting
 + Level 3.5 Invocations


You had one spell level left.
You knew the following spells:

 Your Spells              Type           Power      Damage    Failure   Level
a - Ozocubu's Armour      Ice            41%        N/A       1%          3
c - Call Imp              Summ           41%        N/A       1%          2
f - Freeze                Ice            100%       1d11      1%          1
h - Hailstorm             Conj/Ice       41%        3d10      4%          4
o - Olgreb's Toxic Radia  Pois           41%        N/A       4%          4
r - Frozen Ramparts       Ice            82%        1d13      1%          3
s - Scorch                Fire           82%        2d9       1%          2
S - Shock                 Conj/Air       100%       1d9       1%          1
Your spell library was empty.

Dungeon Overview and Level Annotations

Branches:
Dungeon (7/15)             Temple (1/1) D:4

Altars:
Ashenzari
Cheibriados
Elyvilon
Fedhas
Gozag
Hepliaklqana
Makhleb
Nemelex Xobeh
Okawaru
Qazlal
Ru
Trog
Uskayaw
Xom
Yredelemnul
Zin
The Shining One

Shops:
D:1 *   D:3 :(:[   D:4 *

Annotations:
D:1 digging / Passwall
D:6 1 runed translucent door, dave1331's ghost, novice HOFi


Innate Abilities, Weirdness & Mutations

You are immune to sickness and miasma.
You are immune to poison.
Your flesh is very heat resistant. (rF++)
You are vulnerable to cold. (rC-)
You float through the air rather than walking.
You learn spells naturally, not from books.
Your magical power is your life essence.
You have superior vitality. (+4 MHP)


Message History

Confirm with . or Enter, or press ? or * to list all spells.
Flames lash the gnoll.
The gnoll is burned terribly!
You kill the gnoll!
Makhleb accepts your kill.
A magic dart appears from out of thin air!
The magic dart hits you.
Casting: Scorch (safe; 1% risk of failure)
Confirm with . or Enter, or press ? or * to list all spells.
You can't see any susceptible monsters within range! (Use Z to cast anyway.)
A wight comes into view. It is wielding a +0 short sword.
An orc comes into view. It is wielding a +0 flail.
Casting: Scorch (safe; 1% risk of failure)
Confirm with . or Enter, or press ? or * to list all spells.
Flames lash the wight.
The wight is moderately damaged.
The wight's fire resistance burns away.
A magic dart appears from out of thin air!
The magic dart hits you.
Casting: Scorch (safe; 1% risk of failure)
Confirm with . or Enter, or press ? or * to list all spells.
Flames lash the wight.
The wight is burned terribly!
The wight is heavily damaged.
The wight resists.
The wall freezes the wight.
The wight hits you from afar with a +3 halberd!
A magic dart appears from out of thin air!
The magic dart hits you.
* * * LOW HITPOINT WARNING * * *
A wight comes into view. It is wielding a +4 falchion.
You struggle against the net.
The frozen ramparts melt away.
The wight hits you from afar with a +3 halberd!
* * * LOW HITPOINT WARNING * * *
You tear a large gash into the net.
The wight barely misses you.
You rip the net and break free!
The wight closely misses you. Something hits you.
* * * LOW HITPOINT WARNING * * *
The wight closely misses you.
The wight is no longer more vulnerable to fire.
There is a stone staircase leading up here.
The wight hits you from afar with a +3 halberd!
You die...

............###†........
............##...........
#.......................#
...>.........)..........##
.........................##.
................÷...........
........................... .
.......................^..##.....
#...............@{oz...# ......
##................z....###......#
##.........##.....#.z##.zz..zo.
#.........########.#...# ...#
##.........########...### ...#
#......................)##...#
#.............###.....#))!.#
#.............#...######)..<....
##..............### #.#.#...!


You could see 3 wights and an orc.

Vanquished Creatures
  Grinder (D:3)
  Duvessa (D:5)
  Edmund (D:5)
  2 black bears
  An ogre (D:6)
  2 ice beasts
  2 phantoms
  A gnoll sergeant (D:7)
  2 bullfrogs
  4 scorpions
  A wight (D:6)
  Dowan (D:5)
  3 jellies
  2 orc priests
  A hound (D:7)
  2 iguanas
  Terence (D:3)
  7 orc wizards
  Natasha (thrice) (D:3)
  4 gnolls
  10 adders
  A shadow imp (D:7)
  2 white imps
  3 ufetubi (D:5)
  2 worms (D:2)
  15 orcs
  7 bats
  2 endoplasms
  2 giant cockroaches (D:2)
  6 goblins
  10 hobgoblins
  6 jackals
  8 kobolds
  2 quokkas (D:1)
  4 ball pythons
  5 frilled lizards
  6 rats
133 creatures vanquished.

Notes
Turn   | Place    | Note
-------+----------+-------------------------------------------
     0 | D:1      | Godmorgon the Djinni Ice Elementalist began the quest for
                  | the Orb.
     0 | D:1      | Godmorgon set off with the following spells memorised:
                  | Freeze, Frozen Ramparts, Ozocubu's Armour, Hailstorm.
     0 | D:1      | Reached XP level 1. HP: 15/15 MP: 0/0
    16 | D:1      | Found Rixiqu's Assorted Antiques.
   269 | D:1      | Reached XP level 2. HP: 10/22 MP: 0/0
   555 | D:1      | Found a faded altar of an unknown god.
   747 | D:1      | Reached skill level 1 in Fighting
  1128 | D:1      | Bought an embroidered robe for 55 gold pieces
  1154 | D:2      | Reached XP level 3. HP: 20/27 MP: 0/0
  1154 | D:2      | Learned a level 1 spell: Shock
  1985 | D:2      | Reached XP level 4. HP: 31/32 MP: 0/0
  2386 | D:2      | Identified the ring "Xuheb" {rF+ Str+4 Int+4}
  2522 | D:3      | Noticed Grinder
  2596 | D:3      | Noticed Terence
  2622 | D:3      | Killed Terence
  3082 | D:3      | Found Konuc's Armour Shoppe.
  3182 | D:3      | Found Iqit's Book Shop.
  3296 | D:3      | Noticed Natasha
  3302 | D:3      | Killed Natasha
  3303 | D:3      | Reached XP level 5. HP: 33/38 MP: 0/0
  3303 | D:3      | Learned a level 2 spell: Scorch
  3345 | D:3      | Noticed Natasha
  3351 | D:3      | Killed Natasha
  3471 | D:3      | Noticed Natasha
  3474 | D:3      | Killed Natasha
  3512 | D:3      | Reached XP level 6. HP: 19/45 MP: 0/0
  3633 | D:3      | Found Vuycoef's Book Emporium.
  3662 | D:3      | Found Walod's Antique Weapon Shoppe.
  3763 | D:3      | Killed Grinder
  3764 | D:3      | Reached skill level 5 in Spellcasting
  3764 | D:3      | Reached XP level 7. HP: 23/51 MP: 0/0
  3764 | D:3      | Learned a level 2 spell: Call Imp
  4312 | D:4      | Found Duwyovet's Elemental Accessories.
  4379 | D:4      | Found a staircase to the Ecumenical Temple.
  4388 | Temple   | Entered the Ecumenical Temple
  4774 | D:4      | Found a shimmering altar of Xom.
  4775 | D:4      | Found a burning altar of Makhleb.
  4781 | D:4      | Became a worshipper of Makhleb the Destroyer
  5031 | D:5      | Entered Level 5 of the Dungeon
  5060 | D:5      | Noticed Dowan
  5089 | D:5      | Noticed Duvessa
  5099 | D:5      | Killed Dowan
  5132 | D:5      | Reached XP level 8. HP: 38/58 MP: 0/0
  5399 | D:5      | Reached skill level 1 in Armour
  5399 | D:5      | Reached skill level 1 in Invocations
  5647 | D:5      | Killed Duvessa
  5648 | D:5      | Reached skill level 5 in Fighting
  6071 | D:5      | Noticed Edmund
  6085 | D:5      | Killed Edmund
  7329 | D:6      | Reached XP level 9. HP: 40/66 MP: 0/0
  7329 | D:6      | Learned a level 4 spell: Olgreb's Toxic Radiance
  7903 | D:6      | Reached * piety under Makhleb
  8361 | D:6      | Found a runed translucent door.
  8361 | D:6      | Noticed an eight-headed hydra
  8361 | D:6      | Noticed dave1331's ghost (novice HOFi)
  8826 | D:7      | Slain by a wight

Illustrated notes

Levels and vault maps discovered:
D:1:      scummos_arrival_simple_crosswalls, layout_basic, serial_shops,
          nicolae_shop_overgrown_old_shop, chequers_ecumenical_altar_simple,
          due_unseen_surprise
D:2:      minmay_general_purpose_star, layout_basic, minmay_misc_feat_square,
          minmay_hexomino_f4
D:3:      minmay_angry_zag, layout_basic, serial_shops, nicolae_shop_waterfront,
          shop_statue, shop, shop, skrybe_limestone_x, minmay_strange_pillars,
          uniq_grinder, uniq_terence, uniq_natasha
D:4:      layout_cave_pools, gammafunk_temple_overflow_forgotten,
          minmay_temple_entry_ruins, nicolae_elemental_shop, minmay_crossroads
D:5:      layout_layer_cave, uniq_edmund, uniq_duvessa
D:6:      layout_rooms, ebering_ghost_inner_flame, minmay_increasing_density
D:7:      layout_rooms
Temple:   minmay_crystal_spiral_temple

Skill      XL: |  1  2  3  4  5  6  7  8  9 |
---------------+----------------------------+-----
Fighting       | 1 2 3 4 5 6 |  6.9
Spellcasting   | 4 5 6 |  6.7
Armour         | 2 3 |  3.4
Invocations    | 2 3 |  3.5
Dodging        | 3 4 |  4.6
Stealth        | |  1.5

Action                   |  1- 3 |  4- 6 |  7- 9 || total
-------------------------+-------+-------+-------++-------
Melee: Short sword       |     4 |     1 |       ||     5
       Dagger            |       |     3 |     2 ||     5
 Cast: Freeze            |    33 |     8 |       ||    41
       Shock             |    21 |    24 |       ||    45
       Frozen Ramparts   |       |     6 |     7 ||    13
       Ozocubu's Armour  |       |     2 |     7 ||     9
       Scorch            |       |    16 |   125 ||   141
       Olgreb's Toxic Ra |       |       |     7 ||     7
Evoke: Wand              |       |       |     1 ||     1
  Use: Potion            |       |     1 |       ||     1
       Scroll            |       |       |     8 ||     8
 Stab: Sleeping          |       |     1 |       ||     1
Armor: Robe              |     7 |     2 |    12 ||    21
Dodge: Dodged            |    16 |     6 |    24 ||    46
